 Dungeon Sprint DCSS version 0.31-a0-1068-g5939ac1fb6 (webtiles) character file.

Game seed: 18363360190151900085

15422 Revguard the Warrior (level 12, -3/128 HPs)
             Began as a Ghoul Fighter on Nov 24, 2023.
             Was an Initiate of Yredelemnul.
             Slain by a nargun (17 damage)
             ... in the Dungeon (Sprint V: "Ziggurat Sprint").
             The game lasted 00:14:56 (1299 turns).

Revguard the Warrior (Ghoul Fighter)                Turns: 1299, Time: 00:14:57

Health: -3/128     AC: 29    Str: 25    XL:     12   Next: 26%
Magic:  19/19      EV:  6    Int: 12    God:    Yredelemnul [......]
Gold:   0          SH: 31    Dex: 18    Spells: 11/11 levels left

rFire   + + .        C - +9 sword of Zonguldrok {reap}
rCold   + . .        B - +18 shield of the Gong {Loud rN+ Will+ rCorr EV-5}
rNeg    + + +        A - +15 Maxwell's patent armour {-Cast -Tele rElec Will+ rCorr}
rPois   ∞            (no helmet)
rElec   +            (no cloak)
rCorr   +            (no gloves)
SInv    +            (no boots)
Will    +....        E - amulet "Caen" {Faith rF+} Stlth
                     F - ring "Lowaalio" {rC- Int+5 Dex+6 Slay+4}
HPRegen 0.00/turn    q - ring of Sunasuti {Str+4 SInv Stlth-}
MPRegen 0.16/turn

%: no teleportation, no spellcasting, faith
@: resistant, weak-willed, inhibited regen, invisible
A: claws 1, cold resistance 1, negative energy resistance 3, inhibited
regeneration, torment resistance 2, devour on kill
a: Renounce Religion, Recall Undead Harvest


You were in the Dungeon.
You worshipped Yredelemnul.
Yredelemnul was aware of your devotion.
You visited 1 branch

Inventory:

Hand Weapons
 r - a +5 scimitar of flaming
 C - the +9 sword of Zonguldrok (weapon) {reap}
   (You found it in the Dungeon)
Armour
 A - the +15 Maxwell's patent armour (worn) {-Cast -Tele rElec Will+ rCorr}
   (You found it in the Dungeon)

   rElec:     It insulates you from electricity.
   Will+:     It increases your willpower.
   -Cast:     It prevents spellcasting.
   -Tele:     It prevents most forms of teleportation.
   rCorr:     It protects you from acid and corrosion.
 B - the +18 shield of the Gong (worn) {Loud rN+ Will+ rCorr EV-5}
   (You found it in the Dungeon)

   Loud:      It is deafeningly noisy when blocking attacks.
   EV-5:      It affects your evasion (-5).
   rN+:       It protects you from negative energy.
   Will+:     It increases your willpower.
   rCorr:     It protects you from acid and corrosion.
Jewellery
 a - a ring of protection from cold
 q - the ring of Sunasuti (right claw) {Str+4 SInv Stlth-}
   (You found it in the Dungeon)

   [ring of see invisible]

   Str+4:     It affects your strength (+4).
   SInv:      It lets you see invisible.
   Stlth-:    It makes you less stealthy.
 u - a +6 ring of dexterity
 v - a +6 ring of dexterity
 w - the ring "Mapn" {rC+ Will+}
   (You found it in the Dungeon)

   [ring of willpower]

   rC+:       It protects you from cold.
   Will+:     It increases your willpower.
 x - a ring of flight
 y - an amulet of magic regeneration
 z - an amulet of regeneration
 E - the amulet "Caen" (around neck) {Faith rF+}
   (You found it in the Dungeon)

   [amulet of faith]

   Faith:     It allows you to gain divine favour quickly.
   rF+:       It protects you from fire.
 F - the ring "Lowaalio" (left claw) {rC- Int+5 Dex+6 Slay+4}
   (You found it in the Dungeon)

   [ring of dexterity]

   Int+5:     It affects your intelligence (+5).
   Dex+6:     It affects your dexterity (+6).
   Slay+4:    It affects your accuracy & damage with ranged weapons and melee
   (+4).
   rC-:       It makes you vulnerable to cold.
 G - an amulet of the acrobat
Wands
 b - a wand of paralysis (7)
 c - a wand of digging (5)
 t - a wand of roots (3)
 D - a wand of polymorph (5)
Scrolls
 i - 4 scrolls of blinking
 j - 4 scrolls of amnesia
 k - 8 scrolls of fog
 l - 5 scrolls of identify
 m - a scroll of fear
 H - 4 scrolls of enchant armour
Potions
 d - 6 potions of might
 e - 10 potions of curing
 f - 7 potions of heal wounds
 g - 10 potions of haste
 h - 7 potions of magic
 n - 2 potions of brilliance
 p - 3 potions of resistance


   Skills:
 * Level 18.4 Fighting
 + Level 13.7 Long Blades
 + Level 10.2 Armour
 + Level 9.6 Dodging
 * Level 13.2 Shields
 + Level 11.4 Invocations
 + Level 9.6 Evocations


You had 11 spell levels left.
You didn't know any spells.
Your spell library contained the following spells:

 Spells                   Type           Power      Damage    Failure   Level
 Apportation              Tloc           0%         N/A       99%         1
 Magic Dart               Conj           0%         1d3       99%         1
 Necrotise                Necr           0%         1d4       99%         1
 Shock                    Conj/Air       0%         1d3       99%         1
 Summon Small Mammal      Summ           0%         N/A       99%         1
 Ensorcelled Hibernation  Hex/Ice        0%         N/A       100%        2
 Jinxbite                 Hex            0%         N/A       100%        2
 Passwall                 Tmut/Erth      0%         N/A       100%        2
 Searing Ray              Conj           0%         2d4       100%        2
 Call Canine Familiar     Summ           0%         N/A       100%        3
 Inner Flame              Hex/Fire       0%         N/A       100%        3
 Mephitic Cloud           Conj/Pois/Air  0%         N/A       100%        3
 Summon Guardian Golem    Hex/Summ       0%         N/A       100%        3
 Swiftness                Air            0%         N/A       100%        3
 Airstrike                Air            0%         2d(0-16)  100%        4
 Anguish                  Hex/Necr       0%         N/A       100%        4
 Animate Armour           Summ/Erth      0%         N/A       100%        4
 Fulminant Prism          Conj/Hex       0%         3d5       100%        4
 Summon Lightning Spire   Summ/Air       0%         N/A       100%        4
 Agony                    Necr           0%         N/A       100%        5
 Borgnjor's Vile Clutch   Necr/Erth      0%         N/A       100%        5
 Lee's Rapid Deconstruct  Erth           0%         3d4*      100%        5
 Yara's Violent Unravell  Hex/Tmut       0%         3d3       100%        5
 Conjure Ball Lightning   Conj/Air       0%         3x3d6     100%        6
 Enfeeble                 Hex            0%         N/A       100%        7
 Haunt                    Necr/Summ      0%         N/A       100%        7
 Discord                  Hex            0%         N/A       100%        8
 Disjunction              Tloc           0%         N/A       100%        8
 Dragon's Call            Summ           0%         N/A       100%        9
 Borgnjor's Revivificati  Necr           Unusable   N/A       N/A         8
 Death's Door             Necr           Unusable   N/A       N/A         9

Dungeon Overview and Level Annotations

Branches:
Dungeon (1/1)

Altars:
Ashenzari
Cheibriados
Dithmenos
Fedhas
Gozag
Hepliaklqana
Kikubaaqudgha
Makhleb
Nemelex Xobeh
Okawaru
Qazlal
Ru
Sif Muna
Trog
Uskayaw
Vehumet
Wu Jian
Xom
Yredelemnul
Jiyva
Lugonu


Innate Abilities, Weirdness & Mutations

You are immune to poison.
You have sharp fingernails.
Your flesh is cold resistant. (rC+)
You are immune to negative energy. (rN+++)
You do not regenerate when monsters are visible.
You are immune to unholy pain and torment.
You thrive by killing the living.


Message History

PANG!
The azure jelly hits you but does no damage.
You block the azure jelly's attack.
PTOANNNG!
You block the azure jelly's attack.
GONNNNG!
You slice the azure jelly!!
The azure jelly is severely wounded.
You block the adder simulacrum's attack.
BOUMMMMG!
The azure jelly barely misses you. You block the azure jelly's attack.
BONNNG!
You block the azure jelly's attack.
PANG!
The azure jelly hits you but does no damage.
You slice the azure jelly!!
The azure jelly is almost dead.
The azure jelly hits you but does no damage.
You block the azure jelly's attack.
GONNNNG!
You block the azure jelly's attack.
PTOANNNG!
You block the azure jelly's attack.
GONNNNG!
The nargun hits you!
Your willpower is stripped away!
The nargun bites you!
* * * LOW HITPOINT WARNING * * *
The nargun freezes you! You resist.
* * * LOW HITPOINT WARNING * * *
You hit the azure jelly.
The azure jelly is almost dead.
You block the azure jelly's attack.
PTOANNNG!
You block the azure jelly's attack.
GONNNNG!
You block the azure jelly's attack.
GONNNNG!
The azure jelly hits you but does no damage.
The nargun hits you!
You die...
You join the legions of the undead harvest.

▓...)[||)/..▓...©.)).▓...©
▓.....2Z.J..▓▓▓▓▓▓▓▓▓▓▓▓▓▓
▓.....Z.Z...▓...8©8...▓..8
▓........W..▓.........▓...
▓...........▓...[.)...▓..[
..▓...2.▓..▓.........▓...
▓.▓.WR▓.▓.▓....)....▓...
▓..▓..W9J▓..▓.........▓..)
▓.....©.9@..▓.........▓..)
▓▓▓▓▓▓▓▓▓▓▓▓▓.▓.....▓.▓.▓.
▓....8©8....▓....©....▓...
▓..))..".)..▓▓▓▓▓▓▓▓▓▓▓▓▓▓
▓...[[.|)...▓...8©8...▓..8
▓...........▓..|)|.[..▓...
▓......)....▓....))...▓...
▓...........▓.....))..▓...
▓....)......▓..).)))..▓.))


You could see a wendigo, an azure jelly, 2 narguns, 2 freezing wraiths and a
tormentor (unable to see you).

Vanquished Creatures
  A vampire knight (D)
  A red draconian (D)
  A white draconian (D)
  A hydra (D)
  A radroach (D)
  A two-headed ogre (D)
  2 spriggan berserkers (D)
  A skeletal warrior (D)
  A steelbarb worm (D)
  An elephant (D)
  2 draconians (D)
  2 torpor snails (D)
  2 komodo dragons (D)
  A polar bear (D)
  A tarantella (D)
  2 hornets (D)
  A jumping spider (D)
  A yak (D)
  2 spriggans (D)
  A redback (D)
  3 water moccasins (D)
  An ice beast (D)
  An orc warrior (D)
  3 black bears (D)
  3 wolves (D)
  3 ogres (D)
  A phantom (D)
  4 wights (D)
  3 orc priests (D)
  A ball python skeleton (D)
  A giant cockroach zombie (D)
  A quokka skeleton (D)
51 creatures vanquished.

Vanquished Creatures (collateral kills)
  A two-headed ogre (D)
  A pharaoh ant (D)
  2 skeletal warriors (D)
  3 hornets (D)
  A vampire (D)
  A spriggan (D)
  A redback (D)
  A water moccasin (D)
  2 black bears (D)
  An ogre (D)
  2 wolves (D)
  A phantom (D)
  A scorpion (D)
  3 wights (D)
  2 orc priests (D)
  An orc wizard (D)
  A white imp (D)
  An adder skeleton (D)
  An adder zombie (D)
  An orc (D)
  2 bat skeletons (D)
  A bat zombie (D)
  A ball python simulacrum (D)
  2 ball python skeletons (D)
  A ball python zombie (D)
  A quokka simulacrum (D)
  A quokka skeleton (D)
37 creatures vanquished.

Vanquished Creatures (others)
  A spectral spriggan (D)
  A white draconian zombie (D)
  2 redback zombies (D)
  A jumping spider zombie (D)
  A tarantella zombie (D)
  A spectral draconian (D)
  A hornet zombie (D)
  An elephant zombie (D)
  A draconian zombie (D)
  A komodo dragon zombie (D)
  2 water moccasin zombies (D)
  A polar bear zombie (D)
  3 spriggan zombies (D)
  3 wolf zombies (D)
  3 black bear zombies (D)
  2 ogre zombies (D)
  A spectral white imp (D)
  5 orc zombies (D)
  3 adder simulacra (D)
  A quokka simulacrum (D)
35 creatures vanquished.

Grand Total: 123 creatures vanquished

Notes
Turn   | Place    | Note
-------+----------+-------------------------------------------
     0 | D        | Revguard the Ghoul Fighter began the quest for the Orb.
     0 | D        | Reached XP level 1. HP: 19/19 MP: 0/0
     0 | D        | Found a blossoming altar of Fedhas.
     0 | D        | Found the +6 Majin-Bo {spellvamp, MP+6 Int+6}
     0 | D        | Found the +27 heavy crossbow "Sniper" {heavy, Acc+∞ SInv}
     0 | D        | Found the +10 dark maul {heavy}
     0 | D        | Found the +15 Maxwell's patent armour {-Cast -Tele rElec
                  | Will+ rCorr}
     0 | D        | Found the +18 shield of the Gong {Loud rN+ Will+ rCorr
                  | EV-5}
     0 | D        | Found the +16 obsidian axe {drain, demonic, Mesm Drain Fly
                  | SInv}
     0 | D        | Found the +7 great mace "Firestarter" {flame, immolate,
                  | rFlCloud rF++}
     0 | D        | Found the +6 shillelagh "Devastator" {shatter}
     0 | D        | Found the +11 plutonium sword {Contam Stlth-}
     0 | D        | Found the +8 lance "Wyrmbane" {slay drac, rPois rF+ rC+
                  | AC+3}
     0 | D        | Found the +9 sword of Zonguldrok {reap}
     0 | D        | Found the +13 scythe of Curses {drain, curses, Drain}
     0 | D        | Found the +9 sword of Power {lifebolt}
     0 | D        | Found the +7 mace of Variability {chaos, chaos arc}
     0 | D        | Found the +11 Singing Sword {sonic wave}
     0 | D        | Found the +8 storm bow {elec, penet}
     1 | D        | Found a transporter.
     1 | D        | Found a viscous altar of Jiyva.
     1 | D        | Found an ancient bone altar of Kikubaaqudgha.
     1 | D        | Found a hazy altar of Hepliaklqana.
     1 | D        | Found a corrupted altar of Lugonu.
     1 | D        | Found an opulent altar of Gozag.
     1 | D        | Found a burning altar of Makhleb.
     2 | D        | Found a sacrificial altar of Ru.
     2 | D        | Found a shimmering blue altar of Sif Muna.
     2 | D        | Found a stormy altar of Qazlal.
     2 | D        | Found a bloodstained altar of Trog.
     2 | D        | Found an iron altar of Okawaru.
     2 | D        | Found a sparkling altar of Nemelex Xobeh.
    61 | D        | Became a worshipper of Yredelemnul the Dark
    70 | D        | Reached skill level 5 in Fighting
    70 | D        | Reached skill level 1 in Dodging
    70 | D        | Reached skill level 1 in Evocations
    70 | D        | Reached XP level 2. HP: 29/29 MP: 0/2
    77 | D        | Entered arena 2.
    77 | D        | Noticed a scorpion
    77 | D        | Noticed a jumping spider
    77 | D        | Found a transporter.
    80 | D        | Killed a jumping spider
    80 | D        | Reached * piety under Yredelemnul
    81 | D        | Reached skill level 6 in Fighting
    81 | D        | Reached skill level 5 in Long Blades
    81 | D        | Reached XP level 3. HP: 36/38 MP: 0/5
    81 | D        | Reached XP level 4. HP: 43/45 MP: 0/6
    81 | D        | Reached XP level 5. HP: 48/51 MP: 0/7
    82 | D        | Reached skill level 7 in Fighting
    82 | D        | Reached XP level 6. HP: 57/60 MP: 1/8
   145 | D        | Entered arena 3.
   145 | D        | Found a transporter.
   150 | D        | Reached skill level 8 in Fighting
   150 | D        | Reached skill level 5 in Armour
   159 | D        | Entered arena 4.
   159 | D        | Noticed an ice beast
   159 | D        | Found a transporter.
   162 | D        | Reached skill level 5 in Shields
   165 | D        | Killed an ice beast
   166 | D        | Reached skill level 9 in Fighting
   166 | D        | Reached skill level 5 in Invocations
   172 | D        | Entered arena 5.
   172 | D        | Noticed a draconian
   172 | D        | Noticed a draconian
   172 | D        | Noticed a white draconian
   172 | D        | Noticed a red draconian
   172 | D        | Found a transporter.
   186 | D        | Killed a draconian
   187 | D        | Reached skill level 11 in Fighting
   187 | D        | Reached XP level 7. HP: 48/74 MP: 8/10
   192 | D        | Killed a red draconian
   193 | D        | Reached skill level 12 in Fighting
   193 | D        | Reached skill level 5 in Dodging
   193 | D        | Reached skill level 5 in Evocations
   193 | D        | Reached XP level 8. HP: 32/85 MP: 8/12
   198 | D        | Killed a draconian
   198 | D        | Reached ** piety under Yredelemnul
   199 | D        | Reached skill level 13 in Fighting
   199 | D        | Reached XP level 9. HP: 26/93 MP: 9/13
   214 | D        | Killed a white draconian
   215 | D        | Reached skill level 14 in Fighting
   408 | D        | Entered arena 6.
   408 | D        | Found a transporter.
   416 | D        | Reached *** piety under Yredelemnul
   416 | D        | Reached skill level 10 in Long Blades
   420 | D        | Reached skill level 15 in Fighting
   429 | D        | Entered arena 7.
   429 | D        | Noticed a two-headed ogre
   429 | D        | Noticed a two-headed ogre
   430 | D        | Found a transporter.
   434 | D        | Killed a two-headed ogre
   435 | D        | Reached XP level 10. HP: 105/105 MP: 15/15
   438 | D        | Killed a two-headed ogre
   439 | D        | Reached skill level 10 in Shields
   439 | D        | Reached **** piety under Yredelemnul
   553 | D        | Entered arena 8.
   554 | D        | Found a transporter.
   567 | D        | Got the ring of Sunasuti {Str+4 SInv Stlth-}
   573 | D        | Got the Tractate on Astrapomancy and Grit
   576 | D        | Got the +2 helmet of Beogh's Displeasure {*Corrode rF++}
   580 | D        | Entered arena 9.
   581 | D        | Found a transporter.
   604 | D        | Entered arena 10.
   605 | D        | Found a transporter.
   615 | D        | Reached ***** piety under Yredelemnul
   653 | D        | Entered arena 11.
   653 | D        | Noticed a spriggan rider
   653 | D        | Noticed a spriggan rider
   653 | D        | Noticed a spriggan rider
   654 | D        | Found a transporter.
   663 | D        | Reached skill level 16 in Fighting
   671 | D        | Killed a spriggan rider
   671 | D        | Charmed a spriggan rider
   684 | D        | Got the ring "Mapn" {rC+ Will+}
   689 | D        | Got the Papyrus of the Mortuary Union
   734 | D        | Entered arena 12.
   734 | D        | Noticed a skeletal warrior
   734 | D        | Noticed a skeletal warrior
   735 | D        | Noticed a skeletal warrior
   735 | D        | Noticed a vampire knight
   736 | D        | Found a transporter.
   743 | D        | Reached XP level 11. HP: 69/115 MP: 17/17
   749 | D        | Killed a skeletal warrior
   754 | D        | Killed a vampire knight
   754 | D        | Killed a skeletal warrior
   755 | D        | Reached skill level 10 in Invocations
   757 | D        | Killed a skeletal warrior
   758 | D        | Reached skill level 17 in Fighting
   879 | D        | Entered arena 13.
   879 | D        | Noticed a pharaoh ant
   880 | D        | Noticed a steelbarb worm
   880 | D        | Noticed a radroach
   881 | D        | Found a transporter.
   887 | D        | Killed a pharaoh ant
   896 | D        | Killed a radroach
   897 | D        | Killed a steelbarb worm
   916 | D        | Got the amulet "Caen" {Faith rF+}
   922 | D        | Got the ring "Lowaalio" {rC- Int+5 Dex+6 Slay+4}
  1094 | D        | Entered arena 14.
  1095 | D        | Noticed a four-headed hydra
  1096 | D        | Noticed a spriggan berserker
  1096 | D        | Noticed a spriggan berserker
  1097 | D        | Noticed a death yak
  1097 | D        | Found a transporter.
  1100 | D        | Noticed a death yak
  1103 | D        | Killed a spriggan berserker
  1106 | D        | Reached skill level 18 in Fighting
  1106 | D        | Reached XP level 12. HP: 76/127 MP: 19/19
  1109 | D        | Killed a three-headed hydra
  1110 | D        | Reached skill level 10 in Armour
  1121 | D        | Killed a spriggan berserker
  1284 | D        | Entered arena 15.
  1285 | D        | Noticed a wendigo
  1286 | D        | Noticed a nargun
  1286 | D        | Noticed an azure jelly
  1286 | D        | Paralysed by a wendigo for 1 turns
  1290 | D        | Paralysed by a wendigo for 1 turns
  1294 | D        | Noticed a nargun
  1299 | D        | Slain by a nargun

Illustrated notes

Levels and vault maps discovered:
D:        sprint_v [room_start, room_1, room_2, room_3, room_4, room_5, room_6,
          room_7, room_8, room_9, room_10, room_11, room_12, room_13, room_14,
          room_15, room_16, room_17, room_18, room_19, room_20, room_21,
          room_22, room_23, room_24, room_25, room_26, room_27]

Skill      XL: |  1  2  3  4  5  6  7  8  9 10 11 12 |
---------------+-------------------------------------+-----
Fighting       | 5 6 7 11 12 13 15 16 18 | 18.4
Long Blades    | 3 5 7 8 9 10 11 13 | 13.7
Armour         | 3 4 5 6 7 8 9 10 | 10.2
Dodging        | 1 3 4 5 7 8 9 |  9.6
Shields        | 3 4 6 7 8 9 11 12 13 | 13.2
Invocations    | 2 4 6 7 8 9 11 | 11.4
Evocations     | 1 3 4 5 6 7 8 9 |  9.6

Action                     |  1- 3 |  4- 6 |  7- 9 | 10-12 || total
---------------------------+-------+-------+-------+-------++-------
  Melee: Double sword      |     3 |     9 |    16 |    83 ||   111
         Scimitar          |       |       |       |     1 ||     1
 Invoke: Bind Soul         |       |       |       |     1 ||     1
  Evoke: Wand              |       |     3 |     7 |    15 ||    25
    Use: Potion            |     1 |     2 |       |     4 ||     7
         Scroll            |       |     1 |       |     4 ||     5
   Stab: Distracted        |       |       |     1 |     1 ||     2
 Armour: Plate armour      |     6 |     8 |    25 |   129 ||   168
  Dodge: Dodged            |       |       |     4 |    30 ||    34
  Block: Kite shield       |     6 |    14 |    34 |   221 ||   275

Table legend: (Time is in decaauts)
 A = Elapsed time spent in this place.
 B = Non-inter-level travel time spent in this place.
 C = Inter-level travel time spent in this place.
 D = Time resting spent in this place.
 E = Time spent auto-exploring this place.
 F = Levels seen in this place.
 G = Mean time per level.
                   A        B        C        D        E       F      G
               +--------+--------+--------+--------+--------+-----+--------+
         Total |   1305 |   1305 |      0 |    743 |      0 |   1 | 1305.0 |
       Dungeon |   1305 |   1305 |      0 |    743 |      0 |   1 | 1305.0 |
               +--------+--------+--------+--------+--------+-----+--------+

Top non-repeatable levels by time:
       D: 1305 daAuts
